AoeStats
← willrhyd

Arabia

506649738Analyzed
1v1 RM · 18d ago on Sep 14, 2026· 18m 49s· 2 players
Game mode
Random Map
Map size
Tiny (2 player)
Population
200
Speed
Normal
Resources
Standard
Victory
Conquest
Starting age
Dark Age
Ending age
Imperial Age
RankedLock teamsTeams togetherTeam positionsShared explorationLock speedFull tech treeHidden civsTurbo modeCheats
Victory
Defeat
🇹🇼 Goths · Taiwan
1543
+17
🇬🇧 Poles · United Kingdom
1565
-17
moneymickey
0:31 Loom
9:48 Feudal Age
9:56 Man-at-Arms
11:58 Town Watch
14:58 Fletching
16:55 Padded Archer Armor
16:42 Double-Bit Axe
willrhyd
7:47 Loom
9:52 Feudal Age
10:44 Double-Bit Axe
11:08 Loom
11:44 Horse Collar
15:05 Fletching
21:04 Castle Age
Connection lost

Rejoining the realm…

Still unreachable

The connection could not be restored.

Session expired

The server has moved on; the page needs a fresh start.